Stars vs Jets

Created - May 23, 2017 at 20:43

Goals
1 2 3 T
Stars 0 2 0 2
Jets 0 0 0 0
Shots
1 2 3 T
Stars 8 11 9 28
Jets 3 9 5 17

1st period

No Goal

Penalties :
Paul Martin (Dal) for Interference (Minor) at 4:51, Jussi Jokinen (Dal) for Hooking (Minor) at 7:29, Derek Roy (Win) for Hooking (Minor) at 14:03, Derek Roy (Win) for Goalie Interference (Minor) at 17:59

2nd period

1. Stars , John Tavares 56 (Trevor Daley 32, Brian Lee 40) at 8:23 (PP)
2. Stars , John Tavares 57 (Jussi Jokinen 30) at 19:11 (PP)

Penalties :
Scott Hartnell (Dal) for Hooking (Minor) at 0:22, Benoit Pouliot (Win) for Roughing (Minor) at 5:09, Derek Roy (Win) for Hooking (Minor) at 5:33, Benoit Pouliot (Win) for Slashing (Minor) at 8:09, Benoit Pouliot (Win) for Roughing (Minor) at 11:56, Peter Worrell (Dal) for Hooking (Minor) at 14:22, Dustin Brown (Win) for Holding Stick (Minor) at 18:53

3rd period

No Goal

Penalties :
Paul Martin (Dal) for Slashing (Minor) at 4:32, Peter Worrell (Dal) for High sticking (Minor) at 11:05, Tyler Myers (Win) for Hooking (Minor) at 19:21

Goalie Stats

Pascal Leclaire (Dal), 17 saves from 17 shots - (1.000), W, 29-24-3, 60:00 minutes
Kari Lehtonen (Win), 26 saves from 28 shots - (0.929), L, 18-26-4, 60:00 minutes

Players Stats for Stars

Player Name              G  A  P  +/- PIM S  H  SB GA TA FO     MP     PP MP  PK MP  
------------------------------------------------------------------------------------
Andrei Markov            0  0  0   0  0   1  1  0  2  0  0/0    17:51   0:03   7:40 
Brian Lee                0  1  1   0  0   0  3  0  0  0  0/0    26:51   6:02   5:04 
Evgeny Artyukhin         0  0  0   0  0   2  1  0  0  0  0/0     6:15   0:03   0:00 
John Tavares             2  0  2   0  0   5  3  1  1  0  17/25  20:19   5:25   1:32 
Johnny Oduya             0  0  0   0  0   0  0  0  0  0  0/0    16:49   3:28   1:14 
Jussi Jokinen            0  1  1   0  2   1  2  0  0  0  0/1    18:17   5:25   2:09 
Marcus Kruger            0  0  0   0  0   0  0  0  0  0  2/6     9:29   0:00   3:29 
Michael Frolik           0  0  0   0  0   1  1  0  0  0  1/1    14:11   4:02   0:00 
Michal Handzus           0  0  0   0  0   2  1  0  0  0  15/19  15:51   0:00   6:53 
Paul Martin              0  0  0   0  4   2  1  2  0  0  0/0    19:26   3:28   2:46 
Peter Worrell            0  0  0   0  4   1  0  0  0  0  0/0    11:39   0:00   2:48 
Radim Vrbata             0  0  0   0  0   4  1  1  1  0  1/1    18:09   5:25   0:00 
Ryan Getzlaf             0  0  0   0  0   1  2  0  0  0  3/9    14:11   4:02   0:00 
Scott Hartnell           0  0  0   0  2   3  1  0  0  0  1/1    17:33   4:02   0:09 
Scottie Upshall          0  0  0   0  0   2  0  0  0  0  0/0     8:47   0:03   0:00 
Sean Avery               0  0  0   0  0   0  3  0  1  0  1/1    13:09   0:00   6:48 
Shaone Morrisonn         0  0  0   0  0   1  1  1  1  0  0/0    17:21   0:00   7:04 
Trevor Daley             0  1  1   0  0   2  3  3  0  0  0/0    21:52   6:02   0:00 

Players Stats for Jets

Player Name              G  A  P  +/- PIM S  H  SB GA TA FO     MP     PP MP  PK MP  
------------------------------------------------------------------------------------
Anton Volchenkov         0  0  0   0  0   1  3  1  0  0  0/0    26:03   7:06   6:04 
Benoit Pouliot           0  0  0   0  6   0  1  0  0  0  0/1    20:32   6:22   3:03 
Derek Roy                0  0  0   0  6   2  0  1  0  2  12/33  23:58   6:22   2:11 
Derek Stepan             0  0  0   0  0   1  0  0  0  1  7/13   19:29   5:19   2:44 
Dustin Brown             0  0  0   0  2   1  0  0  0  0  1/3    18:17   6:22   1:23 
Eric Fehr                0  0  0   0  0   1  0  0  0  1  1/2    11:32   0:13   0:00 
Eric Gelinas             0  0  0   0  0   0  0  0  0  0  0/0     4:04   0:00   0:00 
Fredrik Sjostrom         0  0  0   0  0   1  2  0  0  0  0/0    13:03   0:13   2:05 
Greg Zanon               0  0  0   0  0   0  1  3  0  1  0/0    18:42   4:48   3:26 
James Wright             0  0  0   0  0   3  2  0  0  0  1/6    11:29   0:00   0:54 
Kevin Klein              0  0  0   0  0   0  0  1  0  0  0/0    11:11   0:00   0:00 
Lee Stempniak            0  0  0   0  0   2  1  0  0  0  0/2    16:11   5:19   0:00 
Marcel Hossa             0  0  0   0  0   0  2  1  0  0  0/3     9:49   0:00   3:41 
Michael Rupp             0  0  0   0  0   3  3  0  0  1  1/1    17:46   5:19   1:23 
Michal Rozsival          0  0  0   0  0   2  3  3  0  0  0/0    30:07   7:06   6:04 
T.J. Oshie               0  0  0   0  0   0  0  0  0  0  0/0     6:42   0:13   0:00 
Travis Hamonic           0  0  0   0  0   0  1  2  0  0  0/0    18:42   4:48   3:26 
Tyler Myers              0  0  0   0  2   0  1  0  0  0  0/0    11:10   0:00   0:00 

3 Stars

1 - John Tavares (Dal)
2 - Pascal Leclaire (Dal)
3 - Trevor Daley (Dal)

Power Play

Stars - 2 on 8 Attempt(s) - 25.00%
Jets - 0 on 6 Attempt(s) - 0.00%

Penalty Kill

Stars - 6 on 6 Attempt(s) - 100.00% - Score 0 goal in Penalty Kill
Jets - 6 on 8 Attempt(s) - 75.00% - Score 0 goal in Penalty Kill

Team Stat

Stars - Hits : 24 - Faceoff Wins : 41 - Blocked Shots : 8 - Penalty Minutes : 12
Jets - Hits : 20 - Faceoff Wins : 23 - Blocked Shots : 12 - Penalty Minutes : 16

Official

Referees : L'Ecuyer Frederick and StPierre Justin
Linesman : Darren Gibbs and Brian Mach

Game Notes

No Game Note

Finance

Level 1 -- Attendance: 5928 (98.80%) -- Ticket Income $444,600
Level 2 -- Attendance: 4717 (94.34%) -- Ticket Income $235,850
Level 3 -- Attendance: 1868 (93.40%) -- Ticket Income $46,700
Level 4 -- Attendance: 3908 (97.70%) -- Ticket Income $70,344
Luxury Box -- Attendance: 800 (80.00%) -- Ticket Income $128,000
Game was played at the MTS Center.
Total Attendance: 17221 (95.67%)
Total Ticket Income: $925,494
Other Income: $138,824
Total Income: $1,064,318

Stars

5 vs 5 Forward 
   Center                   Left Wing                Right Wing               Time % Phy DF OF 
 1 John Tavares             Scott Hartnell           Radim Vrbata             38     0   1  4  
 2 Ryan Getzlaf             Jussi Jokinen            Michael Frolik           30     0   2  3  
 3 Michal Handzus           Peter Worrell            Scottie Upshall          20     1   2  2  
 4 Marcus Kruger            Sean Avery               Evgeny Artyukhin         12     1   2  2  

5 vs 5 Defense 
   Defense                  Defense                                           Time % Phy DF OF 
 1 Brian Lee                Trevor Daley                                      40     0   2  3  
 2 Paul Martin              Johnny Oduya                                      30     1   2  2  
 3 Andrei Markov            Shaone Morrisonn                                  20     1   3  1  
 4 Andrei Markov            Shaone Morrisonn                                  10     1   3  1  

PowerPlay Forward 
   Center                   Left Wing                Right Wing               Time % Phy DF OF 
 1 John Tavares             Jussi Jokinen            Radim Vrbata             60     0   1  4  
 2 Ryan Getzlaf             Scott Hartnell           Michael Frolik           40     0   1  4  

PowerPlay Defense
   Defense                  Defense                                           Time % Phy DF OF 
 1 Brian Lee                Trevor Daley                                      60     0   2  3  
 2 Paul Martin              Johnny Oduya                                      40     0   2  3  

Penalty Kill 4 Players Forward 
   Center                   Wing                     Time % Phy DF OF 
 1 Michal Handzus           Sean Avery               60     0   4  1  
 2 Marcus Kruger            Peter Worrell            40     0   4  1  

Penalty Kill 4 Players Defense
   Defense                  Defense                  Time % Phy DF OF 
 1 Andrei Markov            Shaone Morrisonn         60     1   4  0  
 2 Paul Martin              Brian Lee                40     1   4  0  

Penalty Kill - 3 Players Forward 
   Forward                                           Time % Phy DF OF 
 1 Michal Handzus                                    60     0   4  1  
 2 Radim Vrbata                                      40     0   4  1  

Penalty Kill - 3 Players Defense
   Defense                  Defense                  Time % Phy DF OF 
 1 Brian Lee                Johnny Oduya             60     0   4  1  
 2 Paul Martin              Trevor Daley             40     0   4  1  

4 vs 4 Forward 
   Center                   Wing                     Time % Phy DF OF 
 1 John Tavares             Scott Hartnell           60     0   2  3  
 2 Ryan Getzlaf             Radim Vrbata             40     0   2  3  

4 vs 4 Defense
   Defense                  Defense                  Time % Phy DF OF 
 1 Brian Lee                Johnny Oduya             60     1   2  2  
 2 Paul Martin              Trevor Daley             40     1   2  2  

Last Minutes Offensive
   Center                   Left Wing                Right Wing               Defense                  Defense                  
   John Tavares             Scott Hartnell           Radim Vrbata             Brian Lee                Johnny Oduya             

Last Minutes Defensive
   Center                   Left Wing                Right Wing               Defense                  Defense                  
   John Tavares             Scott Hartnell           Radim Vrbata             Brian Lee                Johnny Oduya             

Goaltenders
Starting : Pascal Leclaire          
Backup : Miika Kiprusoff          

Extra Forwards
Normal : Evgeny Artyukhin, Scottie Upshall, Michal Handzus - PP : Evgeny Artyukhin, Scottie Upshall - PK : Michal Handzus
Extra Defensemen
Normal : Andrei Markov, Shaone Morrisonn, Paul Martin - PP : Andrei Markov - PK : Shaone Morrisonn, Paul Martin
Penalty Shots
John Tavares, Michael Frolik, Radim Vrbata, Michal Handzus, Sean Avery

Scratches
None

Jets

5 vs 5 Forward 
   Center                   Left Wing                Right Wing               Time % Phy DF OF 
 1 Derek Roy                Benoit Pouliot           Dustin Brown             40     1   2  2  
 2 Derek Stepan             Michael Rupp             Lee Stempniak            30     1   2  2  
 3 James Wright             Fredrik Sjostrom         Eric Fehr                20     1   2  2  
 4 Derek Roy                Marcel Hossa             T.J. Oshie               10     1   2  2  

5 vs 5 Defense 
   Defense                  Defense                                           Time % Phy DF OF 
 1 Michal Rozsival          Anton Volchenkov                                  40     1   2  2  
 2 Greg Zanon               Travis Hamonic                                    30     1   2  2  
 3 Tyler Myers              Kevin Klein                                       20     1   2  2  
 4 Eric Gelinas             Michal Rozsival                                   10     1   2  2  

PowerPlay Forward 
   Center                   Left Wing                Right Wing               Time % Phy DF OF 
 1 Derek Roy                Benoit Pouliot           Dustin Brown             60     1   2  2  
 2 Derek Stepan             Michael Rupp             Lee Stempniak            40     1   2  2  

PowerPlay Defense
   Defense                  Defense                                           Time % Phy DF OF 
 1 Michal Rozsival          Anton Volchenkov                                  60     1   2  2  
 2 Greg Zanon               Travis Hamonic                                    40     1   2  2  

Penalty Kill 4 Players Forward 
   Center                   Wing                     Time % Phy DF OF 
 1 Derek Roy                Benoit Pouliot           60     1   2  2  
 2 Dustin Brown             Michael Rupp             40     1   2  2  

Penalty Kill 4 Players Defense
   Defense                  Defense                  Time % Phy DF OF 
 1 Michal Rozsival          Anton Volchenkov         60     1   2  2  
 2 Greg Zanon               Travis Hamonic           40     1   2  2  

Penalty Kill - 3 Players Forward 
   Forward                                           Time % Phy DF OF 
 1 Derek Roy                                         60     1   2  2  
 2 Benoit Pouliot                                    40     1   2  2  

Penalty Kill - 3 Players Defense
   Defense                  Defense                  Time % Phy DF OF 
 1 Michal Rozsival          Anton Volchenkov         60     1   2  2  
 2 Greg Zanon               Travis Hamonic           40     1   2  2  

4 vs 4 Forward 
   Center                   Wing                     Time % Phy DF OF 
 1 Derek Roy                Benoit Pouliot           60     1   2  2  
 2 Dustin Brown             Michael Rupp             40     1   2  2  

4 vs 4 Defense
   Defense                  Defense                  Time % Phy DF OF 
 1 Michal Rozsival          Anton Volchenkov         60     1   2  2  
 2 Greg Zanon               Travis Hamonic           40     1   2  2  

Last Minutes Offensive
   Center                   Left Wing                Right Wing               Defense                  Defense                  
   Derek Roy                Benoit Pouliot           Dustin Brown             Michal Rozsival          Anton Volchenkov         

Last Minutes Defensive
   Center                   Left Wing                Right Wing               Defense                  Defense                  
   Derek Roy                Benoit Pouliot           Dustin Brown             Michal Rozsival          Anton Volchenkov         

Goaltenders
Starting : Kari Lehtonen            
Backup : Jacob Markstrom          

Extra Forwards
Normal : Eric Fehr, Fredrik Sjostrom, Marcel Hossa - PP : Eric Fehr, Fredrik Sjostrom - PK : Marcel Hossa
Extra Defensemen
Normal : Tyler Myers, Kevin Klein, Eric Gelinas - PP : Tyler Myers - PK : Kevin Klein, Eric Gelinas
Penalty Shots
Derek Roy, Benoit Pouliot, Dustin Brown, Michael Rupp, Lee Stempniak

Scratches
Mikko Koivu (Sore Right Knee Injury), Jimmy Hayes (Healthy)

% Time on Ice - Stars

Lines # - Real PCT - Wanted PCT - Time Play
Normal Forward
1 - 36% - 38% - 13:55
2 - 26% - 30% - 10:09
3 - 22% - 20% - 8:32
4 - 16% - 12% - 6:00
Normal Defense
1 - 43% - 40% - 16:37
2 - 33% - 30% - 12:43
3 - 19% - 20% - 7:27
4 - 5% - 10% - 1:49
PP Forward
1 - 58% - 60% - 5:28
2 - 42% - 40% - 4:02
PP Defense
1 - 64% - 60% - 6:02
2 - 36% - 40% - 3:28
PK Forward
1 - 71% - 60% - 8:25
2 - 29% - 40% - 3:29
PK Defense
1 - 57% - 60% - 6:50
2 - 43% - 40% - 5:04
PK3 Forward
1 - 0% - 60%
2 - 0% - 40%
PK3 Defense
1 - 0% - 60%
2 - 0% - 40%
44 Forward
1 - 0% - 60%
2 - 0% - 40%
44 Defense
1 - 0% - 60%
2 - 0% - 40%
Last Minute Offensive  - 0:00
Last Minute Defensive  - 0:00
Total
Forward - 60:00
Defense - 60:00

% Time on Ice - Jets

Lines # - Real PCT - Wanted PCT - Time Play
Normal Forward
1 - 30% - 40% - 11:26
2 - 29% - 30% - 11:04
3 - 26% - 20% - 10:04
4 - 16% - 10% - 6:02
Normal Defense
1 - 33% - 40% - 12:53
2 - 27% - 30% - 10:28
3 - 29% - 20% - 11:11
4 - 11% - 10% - 4:04
PP Forward
1 - 55% - 60% - 6:35
2 - 45% - 40% - 5:19
PP Defense
1 - 60% - 60% - 7:06
2 - 40% - 40% - 4:48
PK Forward
1 - 83% - 60% - 6:32
2 - 17% - 40% - 1:23
PK Defense
1 - 64% - 60% - 5:03
2 - 36% - 40% - 2:52
PK3 Forward
1 - 100% - 60% - 1:35
2 - 0% - 40% - 0:00
PK3 Defense
1 - 64% - 60% - 1:01
2 - 36% - 40% - 0:34
44 Forward
1 - 0% - 60%
2 - 0% - 40%
44 Defense
1 - 0% - 60%
2 - 0% - 40%
Last Minute Offensive  - 0:00
Last Minute Defensive  - 0:00
Total
Forward - 60:00
Defense - 60:00

Play by Play

1st period


0:01 of 1st period - John Tavares wins face-off versus Derek Roy in neutral zone.
0:08 of 1st period - Slapshot by John Tavares.
0:08 of 1st period - Shot Misses the Net.
1:06 of 1st period - Paul Martin is hit by Marcel Hossa and loses puck.
1:53 of 1st period - Slapshot by Ryan Getzlaf.
1:53 of 1st period - Stopped by Kari Lehtonen with a rebound.
2:40 of 1st period - Icing by Eric Gelinas.
2:41 of 1st period - Derek Stepan wins face-off versus Marcus Kruger in Jets zone.
2:50 of 1st period - Snap shot by Evgeny Artyukhin.
2:50 of 1st period - Stopped by Kari Lehtonen with a rebound.
3:06 of 1st period - Jussi Jokinen is hit by James Wright and loses puck.
4:06 of 1st period - Off-side.
4:07 of 1st period - Derek Roy wins face-off versus Ryan Getzlaf in neutral zone.
4:51 of 1st period - Minor Penalty to Paul Martin for Interference.
4:52 of 1st period - Derek Roy wins face-off versus Michal Handzus in Stars zone.
5:07 of 1st period - Off-side.
5:08 of 1st period - Derek Roy wins face-off versus Michal Handzus in neutral zone.
6:15 of 1st period - Icing by Derek Roy.
6:16 of 1st period - Michal Handzus wins face-off versus Derek Roy in Jets zone.
6:51 of 1st period - Penalty to Paul Martin is over, Paul Martin is back on ice.
7:23 of 1st period - Snap shot by Derek Roy.
7:23 of 1st period - Shot Misses the Net.
7:29 of 1st period - Minor Penalty to Jussi Jokinen for Hooking.
7:30 of 1st period - Michal Handzus wins face-off versus Derek Roy in Stars zone.
7:47 of 1st period - Benoit Pouliot is hit by Shaone Morrisonn and loses puck.
8:08 of 1st period - Snap shot by Michael Rupp.
8:08 of 1st period - Stopped by Pascal Leclaire with a rebound.
9:29 of 1st period - Penalty to Jussi Jokinen is over, Jussi Jokinen is back on ice.
9:33 of 1st period - Jussi Jokinen is hit by Fredrik Sjostrom and loses puck.
9:50 of 1st period - Wrist shot by John Tavares.
9:50 of 1st period - Shot Misses the Net.
9:56 of 1st period - Snap shot by Jussi Jokinen.
9:56 of 1st period - Shot Misses the Net.
10:22 of 1st period - Icing by Michael Frolik.
10:23 of 1st period - Ryan Getzlaf wins face-off versus Lee Stempniak in Stars zone.
10:23 of 1st period - Ryan Getzlaf is hit by Anton Volchenkov.
11:31 of 1st period - Snap shot by John Tavares.
11:31 of 1st period - Shot Misses the Net.
11:38 of 1st period - Icing by Greg Zanon.
11:39 of 1st period - Michal Handzus wins face-off versus Derek Roy in Jets zone.
11:40 of 1st period - Snap shot by Peter Worrell.
11:40 of 1st period - Shot Blocked by Greg Zanon.
11:42 of 1st period - Wrist shot by Peter Worrell.
11:42 of 1st period - Deflect By Derek Roy.
11:42 of 1st period - Shot Misses the Net.
11:42 of 1st period - Puck is out of play.
11:43 of 1st period - Michal Handzus wins face-off versus Derek Roy in Jets zone.
11:50 of 1st period - Wrist shot by Michal Handzus.
11:50 of 1st period - Shot Misses the Net.
11:52 of 1st period - Slapshot by Trevor Daley.
11:52 of 1st period - Deflect By Michal Handzus.
11:52 of 1st period - Stopped by Kari Lehtonen with a rebound.
12:08 of 1st period - Trevor Daley is hit by Anton Volchenkov.
12:33 of 1st period - Icing by Fredrik Sjostrom.
12:34 of 1st period - John Tavares wins face-off versus James Wright in Jets zone.
12:39 of 1st period - Backhand shot by Radim Vrbata.
12:39 of 1st period - Stopped by Kari Lehtonen without a rebound.
12:40 of 1st period - Radim Vrbata wins face-off versus Benoit Pouliot in Jets zone.
13:13 of 1st period - Snap shot by Jussi Jokinen.
13:13 of 1st period - Shot Blocked by Michal Rozsival.
13:15 of 1st period - Wrist shot by Ryan Getzlaf.
13:15 of 1st period - Shot Misses the Net.
13:29 of 1st period - Slapshot by Scottie Upshall.
13:29 of 1st period - Stopped by Kari Lehtonen with a rebound.
13:31 of 1st period - Slapshot by Paul Martin.
13:31 of 1st period - Stopped by Kari Lehtonen without a rebound.
13:32 of 1st period - Michal Handzus wins face-off versus James Wright in Jets zone.
13:35 of 1st period - Slapshot by Scottie Upshall.
13:35 of 1st period - Shot Hit the Post.
13:37 of 1st period - Slapshot by Johnny Oduya.
13:37 of 1st period - Shot Blocked by Greg Zanon.
13:39 of 1st period - Wrist shot by Peter Worrell.
13:39 of 1st period - Shot Blocked by Travis Hamonic.
13:41 of 1st period - Slapshot by Peter Worrell.
13:41 of 1st period - Stopped by Kari Lehtonen without a rebound.
13:42 of 1st period - Scott Hartnell wins face-off versus Derek Roy in Jets zone.
14:03 of 1st period - Minor Penalty to Derek Roy for Hooking.
14:04 of 1st period - John Tavares wins face-off versus Marcel Hossa in Jets zone.
16:03 of 1st period - Penalty to Derek Roy is over, Derek Roy is back on ice.
17:09 of 1st period - Snap shot by Lee Stempniak.
17:09 of 1st period - Stopped by Pascal Leclaire without a rebound.
17:10 of 1st period - Eric Fehr wins face-off versus John Tavares in Stars zone.
17:11 of 1st period - Slapshot by Michael Rupp.
17:11 of 1st period - Shot Blocked by Trevor Daley.
17:27 of 1st period - Lee Stempniak is hit by Ryan Getzlaf and loses puck.
17:32 of 1st period - Snap shot by Jussi Jokinen.
17:32 of 1st period - Deflect By Michael Rupp.
17:32 of 1st period - Shot Blocked by Kevin Klein.
17:32 of 1st period - Puck is out of play.
17:33 of 1st period - Derek Roy wins face-off versus John Tavares in Jets zone.
17:38 of 1st period - Snap shot by Derek Roy.
17:38 of 1st period - Stopped by Pascal Leclaire without a rebound.
17:39 of 1st period - John Tavares wins face-off versus Derek Roy in Stars zone.
17:50 of 1st period - Michal Rozsival is hit by Scott Hartnell.
17:51 of 1st period - Icing by Michal Rozsival.
17:52 of 1st period - Derek Roy wins face-off versus Ryan Getzlaf in Jets zone.
17:52 of 1st period - Derek Roy is hit by Brian Lee.
17:59 of 1st period - Minor Penalty to Derek Roy for Goalie Interference.
18:00 of 1st period - John Tavares wins face-off versus Marcel Hossa in Jets zone.
18:00 of 1st period - Wrist shot by Radim Vrbata.
18:00 of 1st period - Stopped by Kari Lehtonen with a rebound.
18:38 of 1st period - Michael Rupp is hit by Ryan Getzlaf and loses puck.
19:33 of 1st period - Dustin Brown is hit by Jussi Jokinen and loses puck.
19:59 of 1st period - Penalty to Derek Roy is over, Derek Roy is back on ice.
Goals for this period are 0 for Stars vs 0 for Jets.
Shots for this period are 8 for Stars vs 3 for Jets.

2nd period


0:01 of 2nd period - Derek Roy wins face-off versus John Tavares in neutral zone.
0:22 of 2nd period - Minor Penalty to Scott Hartnell for Hooking.
0:23 of 2nd period - Michal Handzus wins face-off versus Derek Roy in Stars zone.
0:50 of 2nd period - Sean Avery is hit by Michael Rupp and loses puck.
1:03 of 2nd period - Paul Martin is hit by Michal Rozsival and loses puck.
2:22 of 2nd period - Penalty to Scott Hartnell is over, Scott Hartnell is back on ice.
3:03 of 2nd period - Off-side.
3:04 of 2nd period - Ryan Getzlaf wins face-off versus James Wright in neutral zone.
3:23 of 2nd period - Slapshot by Scott Hartnell.
3:23 of 2nd period - Stopped by Kari Lehtonen without a rebound.
3:24 of 2nd period - Derek Stepan wins face-off versus John Tavares in Jets zone.
3:24 of 2nd period - Derek Stepan is hit by John Tavares.
3:32 of 2nd period - Scott Hartnell is hit by Michael Rupp and loses puck.
4:00 of 2nd period - Slapshot by John Tavares.
4:00 of 2nd period - Shot Misses the Net.
4:16 of 2nd period - Snap shot by Radim Vrbata.
4:16 of 2nd period - Deflect By John Tavares.
4:16 of 2nd period - Shot Blocked by Michal Rozsival.
4:16 of 2nd period - Puck is out of play.
4:17 of 2nd period - Derek Roy wins face-off versus Ryan Getzlaf in Jets zone.
4:17 of 2nd period - Derek Roy is hit by Jussi Jokinen.
4:27 of 2nd period - Derek Roy is hit by Trevor Daley and loses puck.
4:42 of 2nd period - Scottie Upshall is hit by Travis Hamonic and loses puck.
4:47 of 2nd period - Wrist shot by James Wright.
4:47 of 2nd period - Deflect By Fredrik Sjostrom.
4:47 of 2nd period - Shot Misses the Net.
4:47 of 2nd period - Puck is out of play.
4:48 of 2nd period - Dustin Brown wins face-off versus Jussi Jokinen in Stars zone.
5:09 of 2nd period - Minor Penalty to Benoit Pouliot for Roughing.
5:10 of 2nd period - John Tavares wins face-off versus Derek Roy in Jets zone.
5:27 of 2nd period - Wrist shot by Radim Vrbata.
5:27 of 2nd period - Stopped by Kari Lehtonen with a rebound.
5:33 of 2nd period - Minor Penalty to Derek Roy for Hooking.
5:34 of 2nd period - John Tavares wins face-off versus Marcel Hossa in Jets zone.
5:47 of 2nd period - Wrist shot by John Tavares.
5:47 of 2nd period - Shot Blocked by Marcel Hossa.
5:49 of 2nd period - Slapshot by Brian Lee.
5:49 of 2nd period - Shot Misses the Net.
6:07 of 2nd period - Anton Volchenkov is hit by Trevor Daley.
7:09 of 2nd period - Penalty to Benoit Pouliot is over, Benoit Pouliot is back on ice.
7:33 of 2nd period - Penalty to Derek Roy is over, Derek Roy is back on ice.
7:36 of 2nd period - Wrist shot by Benoit Pouliot.
7:36 of 2nd period - Shot Blocked by Trevor Daley.
7:38 of 2nd period - Snap shot by Michal Rozsival.
7:38 of 2nd period - Deflect By Michael Frolik.
7:38 of 2nd period - Stopped by Pascal Leclaire without a rebound.
7:39 of 2nd period - Michal Handzus wins face-off versus Derek Stepan in Stars zone.
8:07 of 2nd period - Snap shot by Andrei Markov.
8:07 of 2nd period - Shot Misses the Net.
8:09 of 2nd period - Minor Penalty to Benoit Pouliot for Slashing.
8:10 of 2nd period - Derek Roy wins face-off versus John Tavares in Jets zone.
8:23 of 2nd period - Wrist shot by John Tavares.
8:23 of 2nd period - Goal by John Tavares - Stars : 1 - Jets : 0.
8:24 of 2nd period - John Tavares wins face-off versus Dustin Brown in neutral zone.
8:37 of 2nd period - Snap shot by Benoit Pouliot.
8:37 of 2nd period - Shot Blocked by Trevor Daley.
8:39 of 2nd period - Snap shot by Michal Rozsival.
8:39 of 2nd period - Deflect By John Tavares.
8:39 of 2nd period - Stopped by Pascal Leclaire without a rebound.
8:40 of 2nd period - Michael Rupp wins face-off versus Ryan Getzlaf in Stars zone.
8:41 of 2nd period - Snap shot by Lee Stempniak.
8:41 of 2nd period - Stopped by Pascal Leclaire with a rebound.
8:47 of 2nd period - Snap shot by Jussi Jokinen.
8:47 of 2nd period - Stopped by Kari Lehtonen with a rebound.
8:49 of 2nd period - Slapshot by Brian Lee.
8:49 of 2nd period - Shot Hit the Post.
8:51 of 2nd period - Slapshot by Trevor Daley.
8:51 of 2nd period - Stopped by Kari Lehtonen with a rebound.
8:53 of 2nd period - Slapshot by Trevor Daley.
8:53 of 2nd period - Stopped by Kari Lehtonen with a rebound.
8:55 of 2nd period - Slapshot by Brian Lee.
8:55 of 2nd period - Shot Blocked by Anton Volchenkov.
10:02 of 2nd period - Michael Frolik is hit by Anton Volchenkov and loses puck.
10:15 of 2nd period - Jussi Jokinen is hit by Michal Rozsival and loses puck.
10:28 of 2nd period - Wrist shot by Fredrik Sjostrom.
10:28 of 2nd period - Stopped by Pascal Leclaire without a rebound.
10:29 of 2nd period - James Wright wins face-off versus John Tavares in Stars zone.
10:30 of 2nd period - Slapshot by Eric Fehr.
10:30 of 2nd period - Deflect By John Tavares.
10:30 of 2nd period - Stopped by Pascal Leclaire with a rebound.
10:32 of 2nd period - Wrist shot by James Wright.
10:32 of 2nd period - Stopped by Pascal Leclaire without a rebound.
10:33 of 2nd period - John Tavares wins face-off versus James Wright in Stars zone.
10:33 of 2nd period - John Tavares is hit by James Wright.
10:43 of 2nd period - Wrist shot by Radim Vrbata.
10:43 of 2nd period - Stopped by Kari Lehtonen with a rebound.
11:08 of 2nd period - Wrist shot by Eric Fehr.
11:08 of 2nd period - Shot Blocked by John Tavares.
11:16 of 2nd period - Slapshot by James Wright.
11:16 of 2nd period - Shot Misses the Net.
11:18 of 2nd period - Snap shot by James Wright.
11:18 of 2nd period - Shot Misses the Net.
11:20 of 2nd period - Snap shot by James Wright.
11:20 of 2nd period - Stopped by Pascal Leclaire without a rebound.
11:21 of 2nd period - Derek Roy wins face-off versus Ryan Getzlaf in Stars zone.
11:56 of 2nd period - Minor Penalty to Benoit Pouliot for Roughing.
11:57 of 2nd period - John Tavares wins face-off versus Derek Roy in Jets zone.
12:31 of 2nd period - Slapshot by Travis Hamonic.
12:31 of 2nd period - Shot Misses the Net.
12:37 of 2nd period - Michael Rupp is hit by Brian Lee.
13:41 of 2nd period - Derek Stepan is hit by John Tavares and loses puck.
13:56 of 2nd period - Penalty to Benoit Pouliot is over, Benoit Pouliot is back on ice.
13:58 of 2nd period - Dustin Brown is hit by Evgeny Artyukhin and loses puck.
14:07 of 2nd period - Wrist shot by Evgeny Artyukhin.
14:07 of 2nd period - Deflect By Scottie Upshall.
14:07 of 2nd period - Shot Misses the Net.
14:07 of 2nd period - Puck is out of play.
14:08 of 2nd period - Michal Handzus wins face-off versus Derek Stepan in Jets zone.
14:19 of 2nd period - Snap shot by Michael Rupp.
14:19 of 2nd period - Stopped by Pascal Leclaire without a rebound.
14:20 of 2nd period - Michal Handzus wins face-off versus Derek Roy in Stars zone.
14:22 of 2nd period - Minor Penalty to Peter Worrell for Hooking.
14:23 of 2nd period - Michal Handzus wins face-off versus Derek Roy in Stars zone.
14:33 of 2nd period - Snap shot by Derek Roy.
14:33 of 2nd period - Shot Misses the Net.
14:52 of 2nd period - Icing by Derek Stepan.
14:53 of 2nd period - Derek Stepan wins face-off versus Marcus Kruger in Jets zone.
15:06 of 2nd period - Wrist shot by Lee Stempniak.
15:06 of 2nd period - Shot Blocked by Paul Martin.
15:08 of 2nd period - Slapshot by Anton Volchenkov.
15:08 of 2nd period - Stopped by Pascal Leclaire with a rebound.
16:03 of 2nd period - Michal Handzus is hit by Michal Rozsival.
16:17 of 2nd period - Jussi Jokinen is hit by Michael Rupp and loses puck.
16:22 of 2nd period - Penalty to Peter Worrell is over, Peter Worrell is back on ice.
16:34 of 2nd period - Snap shot by John Tavares.
16:34 of 2nd period - Stopped by Kari Lehtonen without a rebound.
16:35 of 2nd period - John Tavares wins face-off versus James Wright in Jets zone.
16:40 of 2nd period - Snap shot by Radim Vrbata.
16:40 of 2nd period - Shot Misses the Net.
17:02 of 2nd period - Kevin Klein is hit by Brian Lee and loses puck.
17:39 of 2nd period - Wrist shot by Derek Roy.
17:39 of 2nd period - Shot Misses the Net.
17:41 of 2nd period - Snap shot by Dustin Brown.
17:41 of 2nd period - Shot Misses the Net.
18:11 of 2nd period - Snap shot by Scott Hartnell.
18:11 of 2nd period - Shot Misses the Net.
18:23 of 2nd period - Snap shot by Marcus Kruger.
18:23 of 2nd period - Shot Misses the Net.
18:25 of 2nd period - Snap shot by Andrei Markov.
18:25 of 2nd period - Stopped by Kari Lehtonen without a rebound.
18:26 of 2nd period - Derek Roy wins face-off versus Marcus Kruger in Jets zone.
18:31 of 2nd period - Slapshot by Greg Zanon.
18:31 of 2nd period - Deflect By Marcel Hossa.
18:31 of 2nd period - Shot Blocked by Shaone Morrisonn.
18:31 of 2nd period - Puck is out of play.
18:32 of 2nd period - Derek Roy wins face-off versus John Tavares in Stars zone.
18:53 of 2nd period - Minor Penalty to Dustin Brown for Holding Stick.
18:54 of 2nd period - John Tavares wins face-off versus Derek Roy in Jets zone.
19:11 of 2nd period - Slapshot by John Tavares.
19:11 of 2nd period - Goal by John Tavares - Stars : 2 - Jets : 0.
19:12 of 2nd period - John Tavares wins face-off versus Derek Roy in neutral zone.
19:27 of 2nd period - Snap shot by John Tavares.
19:27 of 2nd period - Stopped by Kari Lehtonen without a rebound.
19:28 of 2nd period - Ryan Getzlaf wins face-off versus Derek Stepan in Jets zone.
Goals for this period are 2 for Stars vs 0 for Jets.
Shots for this period are 11 for Stars vs 9 for Jets.

3rd period


0:01 of 3rd period - John Tavares wins face-off versus Derek Roy in neutral zone.
0:16 of 3rd period - Snap shot by John Tavares.
0:16 of 3rd period - Deflect By Scott Hartnell.
0:16 of 3rd period - Stopped by Kari Lehtonen without a rebound.
0:17 of 3rd period - Michael Frolik wins face-off versus Derek Stepan in Jets zone.
0:28 of 3rd period - Wrist shot by Michael Frolik.
0:28 of 3rd period - Stopped by Kari Lehtonen with a rebound.
0:30 of 3rd period - Slapshot by Jussi Jokinen.
0:30 of 3rd period - Shot Misses the Net.
0:46 of 3rd period - Wrist shot by John Tavares.
0:46 of 3rd period - Deflect By Scott Hartnell.
0:46 of 3rd period - Shot Blocked by Derek Roy.
0:46 of 3rd period - Puck is out of play.
0:47 of 3rd period - Derek Roy wins face-off versus John Tavares in Jets zone.
1:08 of 3rd period - Wrist shot by Dustin Brown.
1:08 of 3rd period - Shot Misses the Net.
1:22 of 3rd period - Wrist shot by Derek Roy.
1:22 of 3rd period - Stopped by Pascal Leclaire with a rebound.
1:25 of 3rd period - Icing by Radim Vrbata.
1:26 of 3rd period - John Tavares wins face-off versus Lee Stempniak in Stars zone.
1:39 of 3rd period - Snap shot by John Tavares.
1:39 of 3rd period - Shot Misses the Net.
2:42 of 3rd period - Slapshot by Evgeny Artyukhin.
2:42 of 3rd period - Stopped by Kari Lehtonen with a rebound.
4:13 of 3rd period - Wrist shot by Scottie Upshall.
4:13 of 3rd period - Deflect By Michal Handzus.
4:13 of 3rd period - Stopped by Kari Lehtonen without a rebound.
4:14 of 3rd period - Derek Stepan wins face-off versus Ryan Getzlaf in Jets zone.
4:27 of 3rd period - Snap shot by Derek Stepan.
4:27 of 3rd period - Stopped by Pascal Leclaire with a rebound.
4:32 of 3rd period - Minor Penalty to Paul Martin for Slashing.
4:33 of 3rd period - Michal Handzus wins face-off versus Derek Roy in Stars zone.
5:09 of 3rd period - Snap shot by Marcus Kruger.
5:09 of 3rd period - Shot Blocked by Greg Zanon.
5:11 of 3rd period - Slapshot by Shaone Morrisonn.
5:11 of 3rd period - Stopped by Kari Lehtonen with a rebound.
5:17 of 3rd period - Wrist shot by Peter Worrell.
5:17 of 3rd period - Shot Misses the Net.
5:19 of 3rd period - Wrist shot by Andrei Markov.
5:19 of 3rd period - Shot Blocked by Travis Hamonic.
5:33 of 3rd period - Wrist shot by Derek Roy.
5:33 of 3rd period - Shot Misses the Net.
6:32 of 3rd period - Penalty to Paul Martin is over, Paul Martin is back on ice.
7:06 of 3rd period - Snap shot by Eric Fehr.
7:06 of 3rd period - Shot Blocked by Paul Martin.
7:24 of 3rd period - James Wright is hit by John Tavares and loses puck.
8:31 of 3rd period - Derek Stepan is hit by Andrei Markov and loses puck.
9:10 of 3rd period - Radim Vrbata is hit by Lee Stempniak and loses puck.
9:28 of 3rd period - Lee Stempniak is hit by Sean Avery and loses puck.
10:27 of 3rd period - T.J. Oshie is hit by Sean Avery and loses puck.
10:34 of 3rd period - James Wright is hit by Trevor Daley and loses puck.
10:50 of 3rd period - Michal Rozsival is hit by Paul Martin and loses puck.
11:05 of 3rd period - Minor Penalty to Peter Worrell for High sticking.
11:06 of 3rd period - Sean Avery wins face-off versus Derek Stepan in Stars zone.
11:15 of 3rd period - Travis Hamonic is hit by Michal Handzus and loses puck.
11:20 of 3rd period - Slapshot by Paul Martin.
11:20 of 3rd period - Stopped by Kari Lehtonen without a rebound.
11:21 of 3rd period - Michal Handzus wins face-off versus Dustin Brown in Jets zone.
11:31 of 3rd period - Off-side.
11:32 of 3rd period - Michal Handzus wins face-off versus Derek Roy in neutral zone.
11:41 of 3rd period - Snap shot by Derek Roy.
11:41 of 3rd period - Shot Misses the Net.
11:43 of 3rd period - Slapshot by Michal Rozsival.
11:43 of 3rd period - Shot Misses the Net.
11:45 of 3rd period - Wrist shot by Dustin Brown.
11:45 of 3rd period - Stopped by Pascal Leclaire without a rebound.
11:46 of 3rd period - Michal Handzus wins face-off versus Derek Roy in Stars zone.
11:59 of 3rd period - Wrist shot by Derek Roy.
11:59 of 3rd period - Shot Misses the Net.
12:19 of 3rd period - Slapshot by Derek Stepan.
12:19 of 3rd period - Deflect By Michael Rupp.
12:19 of 3rd period - Shot Misses the Net.
12:19 of 3rd period - Puck is out of play.
12:20 of 3rd period - Derek Stepan wins face-off versus Marcus Kruger in Stars zone.
12:35 of 3rd period - Brian Lee is hit by Greg Zanon and loses puck.
12:42 of 3rd period - Slapshot by Michael Rupp.
12:42 of 3rd period - Deflect By Derek Stepan.
12:42 of 3rd period - Shot Misses the Net.
12:42 of 3rd period - Puck is out of play.
12:43 of 3rd period - Marcus Kruger wins face-off versus Derek Roy in Stars zone.
13:05 of 3rd period - Penalty to Peter Worrell is over, Peter Worrell is back on ice.
13:21 of 3rd period - Slapshot by James Wright.
13:21 of 3rd period - Stopped by Pascal Leclaire with a rebound.
14:00 of 3rd period - Slapshot by Brian Lee.
14:00 of 3rd period - Shot Blocked by Michal Rozsival.
14:48 of 3rd period - Lee Stempniak is hit by Sean Avery and loses puck.
15:02 of 3rd period - Snap shot by Michael Rupp.
15:02 of 3rd period - Stopped by Pascal Leclaire without a rebound.
15:03 of 3rd period - John Tavares wins face-off versus Eric Fehr in Stars zone.
15:10 of 3rd period - Eric Fehr is hit by Radim Vrbata and loses puck.
15:29 of 3rd period - Andrei Markov is hit by Benoit Pouliot and loses puck.
15:52 of 3rd period - Snap shot by Michael Frolik.
15:52 of 3rd period - Deflect By Scottie Upshall.
15:52 of 3rd period - Stopped by Kari Lehtonen without a rebound.
15:53 of 3rd period - Derek Stepan wins face-off versus Michal Handzus in Jets zone.
16:21 of 3rd period - Snap shot by John Tavares.
16:21 of 3rd period - Stopped by Kari Lehtonen with a rebound.
16:31 of 3rd period - Slapshot by James Wright.
16:31 of 3rd period - Deflect By Eric Fehr.
16:31 of 3rd period - Shot Misses the Net.
16:31 of 3rd period - Puck is out of play.
16:32 of 3rd period - Michal Handzus wins face-off versus Derek Roy in Stars zone.
16:57 of 3rd period - Shaone Morrisonn is hit by Fredrik Sjostrom and loses puck.
17:08 of 3rd period - Snap shot by Eric Fehr.
17:08 of 3rd period - Shot Misses the Net.
17:24 of 3rd period - Michal Rozsival is hit by Michael Frolik and loses puck.
18:07 of 3rd period - Slapshot by Michael Rupp.
18:07 of 3rd period - Shot Blocked by Radim Vrbata.
18:13 of 3rd period - Snap shot by Scott Hartnell.
18:13 of 3rd period - Stopped by Kari Lehtonen without a rebound.
18:14 of 3rd period - Marcus Kruger wins face-off versus Derek Stepan in Jets zone.
18:36 of 3rd period - Icing by Derek Stepan.
18:37 of 3rd period - Derek Stepan wins face-off versus Michal Handzus in Jets zone.
18:49 of 3rd period - Michal Handzus is hit by Marcel Hossa and loses puck.
19:05 of 3rd period - Brian Lee is hit by Tyler Myers and loses puck.
19:21 of 3rd period - Minor Penalty to Tyler Myers for Hooking.
19:22 of 3rd period - John Tavares wins face-off versus Derek Roy in Jets zone.
Goals for this period are 0 for Stars vs 0 for Jets.
Shots for this period are 9 for Stars vs 5 for Jets.